 Dungeon Crawl Stone Soup version 0.25-a0-420-g1cc7eeb (webtiles) character file.

Game seed: 2894549801160336546, levelgen mode: deterministic

66 MrPagan the Stinger (level 3, 0/24 HPs)
             Began as a Demonspawn Venom Mage on Jan 19, 2020.
             Was an Initiate of Dithmenos.
             Slain by a gnoll
             ... wielding a +2 whip of flaming
              (8 damage)
             ... on level 2 of the Dungeon.
             The game lasted 00:18:40 (1826 turns).

MrPagan the Stinger (Demonspawn Venom Mage)         Turns: 1826, Time: 00:18:40

Health: 0/24       AC:  2    Str:  8    XL:     3   Next: 96%
Magic:  2/7        EV: 12    Int: 17    God:    Dithmenos [......]
Gold:   73         SH:  0    Dex: 13    Spells: 6/7 levels left

rFire    . . .     SeeInvis .   (no weapon)
rCold    . . .     Gourm    .   (no shield)
rNeg     . . .     Faith    .   a - +0 robe
rPois    .         Spirit   .   (no helmet)
rElec    .         Reflect  .   (no cloak)
rCorr    .         Harm     .   (no gloves)
MR       .....                  (no boots)
Stlth    ++........             (no amulet)
HPRegen  0.08/turn              (no ring)
MPRegen  0.10/turn              (no ring)

@: no status effects
A: rot immunity
a: Renounce Religion


You were on level 2 of the Dungeon.
You worshipped Dithmenos.
Dithmenos was noncommittal.
You were not hungry.

You visited 1 branch of the dungeon, and saw 2 of its levels.

You collected 73 gold pieces.

Inventory:

Armour
 a - a +0 robe (worn)
 d - a +0 robe
Scrolls
 e - a scroll of remove curse
 h - 3 scrolls of identify {unknown}
 i - 2 scrolls of magic mapping {unknown}
 k - a scroll of amnesia {unknown}
 l - a scroll of teleportation
Potions
 b - a potion of haste {unknown}
 f - a potion of lignification {unknown}
 g - a potion of ambrosia {unknown}
 j - a potion of degeneration {unknown}
 m - a potion of curing {unknown}
Comestibles
 c - 2 rations
 n - a chunk of flesh


   Skills:
 + Level 2.1 Dodging
 + Level 1.7 Stealth
 + Level 0.1 Unarmed Combat
 + Level 2.6 Spellcasting
 + Level 1.9 Transmutations
 + Level 3.6 Poison Magic


You had 6 spell levels left.
You knew the following spells:

 Your Spells              Type           Power        Failure   Level  Hunger
a - Sting                 Tmut/Pois      ##..         6%          1    #......

Your spell library contained the following spells:

 Spells                   Type           Power        Failure   Level  Hunger
 Poisonous Vapours        Pois/Air       #.....       13%         2    ##.....
 Ignite Poison            Fire/Tmut/Pois #.......     26%         3    ###....
 Mephitic Cloud           Conj/Pois/Air  #.......     32%         3    ###....
 Olgreb's Toxic Radiance  Pois           ##......     36%         4    #####..


Dungeon Overview and Level Annotations

Branches:
Dungeon (2/15)

Altars:
Dithmenos


Innate Abilities, Weirdness & Mutations

You are immune to rotting.


Message History

Casting: Sting (safe; 6% risk of failure)
Confirm with . or Enter, or press ? or * to list all spells.
Aiming: Sting (safe; 6% risk of failure)
Press: ? - help, Shift-Dir - straight line, f/p - gnoll
Aim: a gnoll, wielding a +2 whip of flaming (moderately wounded)
The sting hits the gnoll but does no damage.
The gnoll is poisoned.
The gnoll is moderately wounded.
You see here a bat skeleton.
The gnoll looks more healthy.
There is a stone staircase leading down here.
Casting: Sting (safe; 6% risk of failure)
Confirm with . or Enter, or press ? or * to list all spells.
Aiming: Sting (safe; 6% risk of failure)
Press: ? - help, Shift-Dir - straight line, f/p - gnoll
Aim: a gnoll, wielding a +2 whip of flaming (severely wounded, poisoned)
The sting hits the gnoll.
The gnoll looks even sicker.
The gnoll is almost dead.
The gnoll hits you with a +2 whip of flaming!
You die...

#.# ........ #.#
#####... #.# ###.
#.# #. #g# #. #รท#
#. #g####### #.
#g#.....#########.
##@#...............
#.#......##########
##.#.....#
###.....# #######


You could see 3 gnolls.

Vanquished Creatures
  An adder (D:2)
  A gnoll (D:2)
  A dart slug (D:2)
  2 leopard geckos (D:1)
  7 goblins
  10 hobgoblins
  2 bats (D:2)
  4 frilled lizards
  12 kobolds
  7 rats
47 creatures vanquished.

Notes
Turn   | Place    | Note
-------+----------+-------------------------------------------
     0 | D:1      | MrPagan the Demonspawn Venom Mage began the quest for the
                  | Orb.
     0 | D:1      | Reached XP level 1. HP: 13/13 MP: 3/3
   337 | D:1      | Gained mutation: You are immune to rotting. [demonic
                  | ancestry]
   337 | D:1      | Reached XP level 2. HP: 18/19 MP: 0/5
   625 | D:1      | Reached skill level 1 in Transmutations
  1001 | D:1      | Reached XP level 3. HP: 22/24 MP: 2/6
  1350 | D:2      | Found a shadowy altar of Dithmenos.
  1369 | D:2      | Became a worshipper of Dithmenos the Shadowed
  1826 | D:2      | Slain by a gnoll

Levels and vault maps discovered:
D:1:      dpeg_arrival_morbid_curiosity, layout_basic, minmay_indecisive_spiral
D:2:      layout_loops_ring, nicolae_dithmenos_shadow_blocks

Skill      XL: |  1  2 |
---------------+-------+-----
Transmutations | 1 |  1.9
Dodging        | 2 |  2.1
Stealth        | |  1.7
Unarmed Combat | |  0.1
Spellcasting   | |  2.6
Poison Magic   | |  3.6

Action                   || total
-------------------------++-------
Melee: Unarmed           ||    35
 Cast: Sting             ||    78
  Use: Scroll            ||     3
  Eat: Chunk             ||     2
       Ration            ||     1
Armor: Robe              ||    14
Dodge: Dodged            ||    83

Table legend:
 A = Non-vault XP
 B = Vault XP
 C = Vault XP percentage of total XP
 D = Non-vault monster count
 E = Vault monster count
 F = Vault count percentage of total count
                 A         B        C        D         E       F
            +---------+---------+-------+---------+---------+-------
      Total |      80 |      15 |  15.8 |      38 |       9 |  19.1
            +---------+---------+-------+---------+---------+-------
        D:1 |      37 |      15 |  28.8 |      25 |       9 |  26.5
        D:2 |      43 |       0 |   0.0 |      13 |       0 |   0.0
            +---------+---------+-------+---------+---------+-------
